Map: Glittering Ashes LE

Players

SteezyStims

  • Race: Terran Terran
  • League: Master
  • Spawn Location: 1:00

Pumba - Winner!

  • Race: Protoss Protoss
  • League: Diamond
  • Spawn Location: 7:00

VOD

Have the link to the VOD?

Description

Time

  • Played on: March 15, 2022, 11:11 p.m.
  • Length: 6:25
Show
View Real Time Build Order
Export as new Build Order

SteezyStims Terran 

Build Orders: Gas First Reaper Expand 

Get SALT Encoding   

  12  0:00  SCV  
  13  0:12  SCV  
  14  0:16  Supply Depot  
  14  0:24  SCV  
  15  0:32  Refinery  
  15  0:38  SCV  
  16  0:44  Barracks  
  16  0:50  SCV  
  17  1:03  SCV  
  18  1:15  SCV  
  19  1:30  Orbital Command  
  19  1:34  Reaper  
  20  1:55  Command Center, Bunker  
  20  2:06  Reaper  
  20  2:08  Supply Depot  
  21  2:12  SCV  
  22  2:21  Factory  
  22  2:24  SCV  
  22  2:28  Refinery  
  23  2:36  SCV  
  24  2:46  Barracks Reactor  
  24  2:48  SCV  
  25  3:00  SCV  
  25  3:05  Hellion  
  28  3:07  Starport, Orbital Command  
  27  3:13  SCV  
  28  3:25  SCV  
  29  3:32  SCV  
  30  3:37  SCV, Hellion x2  
  30  3:41  Barracks Tech Lab  
  35  3:46  Medivac  
  36  3:58  SCV  
  36  3:59  SCV  
  38  4:03  Stimpack, Widow Mine x2  
  41  4:10  SCV  
  41  4:11  SCV  
  41  4:12  Supply Depot, Refinery  
  41  4:13  Marine  
  41  4:14  Engineering Bay  
  44  4:17  Armory  
  44  4:23  SCV x2  
  46  4:27  Starport Tech Lab  
  46  4:34  Widow Mine x2  
  46  4:35  Supply Depot, SCV  
  46  4:37  SCV  
  52  4:40  Marine  
  52  4:44  Bunker  
  53  4:52  SCV  
  54  5:03  SCV  
  54  5:05  Factory Reactor  
  54  5:06  SCV  
  56  5:07  Barracks  
  56  5:09  Barracks  
  54  5:15  SCV, Marine  
  54  5:18  SCV  
  54  5:19  Supply Depot  
  55  5:27  SCV, Raven  
  56  5:30  SCV  
  56  5:34  Command Center  
  57  5:40  SCV  
  58  5:43  SCV  
  59  5:50  Factory Tech Lab  
  58  5:57  Marine  
  58  5:58  Marine x2  
  56  6:09  SCV  
Show
View Real Time Build Order
Export as new Build Order

Pumba Protoss - Winner!

Build Orders: 1 Gate Expand, Blink Stalkers 

Get SALT Encoding   

  12  0:00  Probe  
  13  0:12  Probe  
  14  0:17  Pylon  
  14  0:24  Probe (Chrono Boost)  
  15  0:37  Probe (Chrono Boost)  
  15  0:39  Gateway  
  16  0:45  Probe (Chrono Boost)  
  16  0:48  Assimilator  
  17  0:51  Probe  
  18  1:03  Probe  
  19  1:15  Probe  
  20  1:26  Nexus  
  20  1:32  Cybernetics Core  
  20  1:36  Probe  
  21  1:41  Assimilator  
  21  1:51  Probe  
  21  1:53  Pylon  
  22  2:03  Probe  
  23  2:09  Adept (Chrono Boost)  
  23  2:12  Warp Gate  
  23  2:15  Probe  
  25  2:27  Probe  
  25  2:29  Twilight Council  
  26  2:30  Stalker (Chrono Boost)  
  28  2:39  Probe  
  28  2:40  Probe  
  28  2:42  Pylon  
  30  2:51  Stalker (Chrono Boost)  
  30  2:53  Probe  
  33  3:02  Probe  
  33  3:05  Probe  
  35  3:14  Probe  
  35  3:16  Shield Battery, Blink (Chrono Boost)  
  36  3:32  Stalker  
  38  3:37  Probe  
  40  4:03  Probe (Chrono Boost)  
  40  4:07  Gateway, Probe (Chrono Boost)  
  41  4:10  Gateway  
  41  4:11  Forge  
  41  4:14  Probe (Chrono Boost)  
  41  4:17  Probe (Chrono Boost)  
  43  4:19  Probe  
  43  4:24  Stalker  
  46  4:25  Pylon  
  46  4:27  Probe  
  47  4:32  Probe  
  48  4:39  Probe  
  48  4:44  Probe, Stalker  
  52  4:47  Nexus  
  52  4:54  Probe  
  52  4:56  Probe  
  54  5:00  Pylon  
  54  5:02  Stalker  
  55  5:13  Sentry  
  57  5:20  Stalker  
  59  5:23  Probe  
  59  5:24  Photon Cannon  
  60  5:30  Probe  
  61  5:36  Probe  
  61  5:41  Pylon  
  61  5:42  Probe  
  63  5:48  Probe  
  64  5:54  Probe, Stalker x3  
  62  5:58  Photon Cannon  
  62  5:59  Probe (Chrono Boost)  
  62  6:00  Probe (Chrono Boost)  
  62  6:01  Photon Cannon  
  64  6:10  Probe (Chrono Boost)  
  64  6:12  Probe x2 (Chrono Boost)  
Tags
 
Add a new tag
Caveats
  • Supply blocks, unpowered buildings, or Contaminate may cause inaccurate times.
  • Supply counts are checked every 10 seconds.